 Dungeon Crawl Stone Soup version 0.28.0-47-ge53b351184 (webtiles) character file.

Game seed: 16425764096888919065

53 GigaChad the Skirmisher (level 3, -12/33 HPs)
             Began as a Minotaur Fighter on Apr 25, 2022.
             Killed by divine providence
             ... invoked by an orc priest
              (16 damage)
             ... on level 3 of the Dungeon.
             The game lasted 00:06:43 (1479 turns).

GigaChad the Skirmisher (Minotaur Fighter)          Turns: 1479, Time: 00:06:44

Health: -12/33     AC:  8    Str: 20    XL:     3   Next: 62%
Magic:  2/2        EV:  9    Int:  5    God:
Gold:   49         SH:  4    Dex: 11    Spells: 2/2 levels left

rFire   . . .      SeeInvis .   a - +1 long sword
rCold   . . .      Faith    .   c - +0 buckler
rNeg    . . .      Spirit   .   b - +1 scale mail
rPois   .          Reflect  .   (helmet restricted)
rElec   .          Harm     .   (no cloak)
rCorr   .          Rampage  .   (no gloves)
Will    .....                   (no boots)
Stlth   ..........              (no amulet)
HPRegen 0.11/turn               (no ring)
MPRegen 0.08/turn               (no ring)

@: no status effects
A: horns 2, retaliatory headbutt
a: no special abilities


You were on level 3 of the Dungeon.
You visited 1 branch of the dungeon, and saw 3 of its levels.

You collected 49 gold pieces.

Inventory:

Hand Weapons
 a - a +1 long sword (weapon)
 k - a +0 falchion
Armour
 b - a +1 scale mail (worn)
 c - a +0 buckler (worn)
Magical Staves
 l - a staff of poison
Jewellery
 e - a ring of protection from cold
Scrolls
 f - a scroll of silence
 g - a scroll of teleportation
Potions
 d - a potion of might
 h - 2 potions of brilliance


   Skills:
 + Level 4.3 Fighting
 + Level 3.0 Long Blades
 + Level 4.1 Armour
 + Level 0.7 Dodging
 + Level 0.2 Stealth
 + Level 4.1 Shields


You had 2 spell levels left.
You didn't know any spells.
Your spell library was empty.

Dungeon Overview and Level Annotations

Branches:
Dungeon (3/15)

Altars:

Shops:
D:1 =


Innate Abilities, Weirdness & Mutations

You have a pair of horns on your head.
You reflexively headbutt those who attack you in melee.


Message History

You kill the orc!
The orc hits you with a +0 whip.
The ball python bites you but does no damage.
The ball python constricts you. You block the orc's attack.
The orc hits you with a +0 trident. The ball python barely misses you.
The ball python constricts you.
You miss something. Your headbutt misses something.
Something hits you but does no damage. The ball python barely misses you.
The ball python constricts you. The orc hits you with a +0 whip.
The orc hits you but does no damage. You block the orc priest's attack.
You miss something.
The ball python bites you but does no damage.
The ball python constricts you. Something hits you but does no damage.
The orc hits you but does no damage. The orc hits you with a +0 whip.
The orc priest hits you but does no damage.
The ball python bites you but does no damage.
The ball python constricts you.
You hear some strange, mumbled words.
A magic dart appears from out of thin air!
The magic dart hits you.
You hit the ball python.
You kill the ball python!
You block the orc's attack. The orc completely misses you.
You block the orc priest's attack. Something hits you but does no damage.
The orc hits you with a +0 whip. The orc completely misses you.
You furiously retaliate!
You headbutt the orc!
You kill the orc!
The orc priest hits you but does no damage.
You barely miss something. Something hits you. You block the orc's attack.
The orc priest mumbles some strange prayers to Beogh against you.
Pain shoots through your body!
* * * LOW HITPOINT WARNING * * *
You miss something. Something hits you but does no damage.
You block the orc's attack.
The orc priest hits you but does no damage.
Something hits you but does no damage.
You barely miss something. The orc hits you but does no damage.
The orc priest mumbles some strange prayers to Beogh against you.
Beogh smites you!
You die...

#..........>
#.(......... ...........
########### #.........
..........# ###.........
..........###..........<
........................
.......)o.#.............
......{@†...............
......o.###.............
.....$..................
...####.................
.. .......##.......... #
#....#####>........
...### #......... ####
..........


You could see an orc priest and an orc.

Vanquished Creatures
  An adder (D:2)
  3 dart slugs
  2 orcs (D:3)
  4 endoplasms
  2 giant cockroaches (D:1)
  3 goblins
  A hobgoblin (D:1)
  3 quokkas
  7 ball pythons
  2 frilled lizards
  2 kobolds
  6 rats
36 creatures vanquished.

Notes
Turn   | Place    | Note
-------+----------+-------------------------------------------
     0 | D:1      | GigaChad the Minotaur Fighter began the quest for the Orb.
     0 | D:1      | Reached XP level 1. HP: 19/19 MP: 0/0
   298 | D:1      | Reached XP level 2. HP: 25/27 MP: 1/1
   515 | D:1      | Found Vugu's Jewellery Shop.
   891 | D:2      | Reached XP level 3. HP: 33/33 MP: 2/2
  1479 | D:3      | Killed from afar by an orc priest

Illustrated notes

Levels and vault maps discovered:
D:1:      minmay_arrival_jagged, layout_rooms, serial_shops, shop,
          chequers_serial_rivers_small_3, minmay_tromino_mix6
D:2:      layout_basic, lemuel_another_geyser
D:3:      layout_rooms

Skill      XL: |  1  2  3 |
---------------+----------+-----
Shields        | 4 |  4.1
Armour         | 4 |  4.1
Fighting       | 4 |  4.3
Long Blades    | 3 |  3.0
Dodging        | |  0.7
Stealth        | |  0.2

Action                   || total
-------------------------++-------
Melee: Long sword        ||    87
       Headbutt          ||     8
  Use: Scroll            ||     7
Armor: Scale mail        ||    52
Dodge: Dodged            ||    37
Block: Buckler           ||    29
